 Dungeon Crawl Stone Soup version 0.29.1-2-gbd0b4ee654 (webtiles) character file.

Game seed: 11408908803722899937

35315 Gabide the Transmogrifier (level 14, -4/100 HPs)
             Began as a Human Wanderer on Nov 17, 2022.
             Was a High Priest of Vehumet.
             Slain by a death yak (16 damage)
             ... led by a torpor snail
             ... on level 5 of the Lair of Beasts on Nov 18, 2022.
             The game lasted 01:25:37 (22316 turns).

Gabide the Transmogrifier (Human Wanderer)         Turns: 22316, Time: 01:25:37

Health: -4/100     AC: 20    Str: 10    XL:     14   Next: 17%
Magic:  23/26      EV: 10    Int: 18    God:    Vehumet [*****.]
Gold:   1055       SH:  0    Dex: 15    Spells: 8/29 levels left

rFire   + + .      SeeInvis .   b - +2 demon trident (venom)
rCold   . . .      Faith    .   (no shield)
rNeg    . . .      Spirit   .   q - +6 scale mail of the Boiling Point {rF+ Regen+}
rPois   .          Reflect  .   f - +2 helmet
rElec   .          Harm     .   K - +0 cloak
rCorr   .          Rampage  .   d - +1 pair of gloves
Will    ++...                   (no boots)
Stlth   +.........              P - amulet of regeneration
HPRegen 1.86/turn               R - ring of protection from fire
MPRegen 0.20/turn               c - ring of willpower

@: no status effects
A: no striking features
a: Renounce Religion


You were on level 5 of the Lair of Beasts.
You worshipped Vehumet.
Vehumet was extremely pleased with you.
You visited 3 branches of the dungeon, and saw 18 of its levels.

You collected 1190 gold pieces.
You spent 135 gold pieces at shops.

Inventory:

Hand Weapons
 a - the +9 sling of Zufosion {vorpal, rPois rCorr Dex-4}
   (You found it on level 2 of the Lair of Beasts)

   Any ammunition fired from it inflicts extra damage upon your enemies.
   Dex:       It affects your dexterity (-4).
   rPois:     It protects you from poison.
   rCorr:     It protects you from acid and corrosion.
 b - a +2 demon trident of venom (weapon)
Missiles
 H - 2 throwing nets
 I - 5 curare-tipped darts
 N - a boomerang of dispersal
 S - 6 datura-tipped darts
Armour
 d - a +1 pair of gloves (worn)
 f - a +2 helmet (worn)
 q - the +6 scale mail of the Boiling Point (worn) {rF+ Regen+}
   (You found it on level 9 of the Dungeon)

   rF:        It protects you from fire.
   Regen:     It increases your rate of health regeneration.
 C - an orb of energy
 K - a +0 cloak (worn)
 Q - +2 swamp dragon scales
Magical Staves
 M - a staff of fire
Jewellery
 c - a ring of willpower (right hand)
 k - an amulet of guardian spirit
 o - a ring of wizardry
 y - a ring of flight
 P - an amulet of regeneration (around neck)
 R - a ring of protection from fire (left hand)
 W - a ring of wizardry
Wands
 u - a wand of digging (6)
 B - a wand of flame (62)
 D - a wand of mindburst (4)
 F - a wand of paralysis (6)
Scrolls
 h - 2 scrolls of fear
 i - a scroll of magic mapping
 p - 2 scrolls of vulnerability
 w - a scroll of silence {unknown}
 A - a scroll of fog {unknown}
 E - a scroll of amnesia {unknown}
 G - a scroll of acquirement {unknown}
 L - a scroll of torment {unknown}
 T - a scroll of brand weapon {unknown}
 U - 3 scrolls of teleportation
 V - a scroll of identify
Potions
 e - a potion of berserk rage
 g - 7 potions of flight
 j - a potion of lignification {unknown}
 l - 4 potions of haste
 m - 2 potions of attraction
 n - 3 potions of mutation
 r - 2 potions of resistance
 s - 2 potions of heal wounds
 t - 4 potions of invisibility
 v - 4 potions of might
 x - 10 potions of curing
 z - 2 potions of cancellation
 O - a potion of magic
Miscellaneous
 J - a box of beasts


   Skills:
 - Level 6.0 Fighting
 - Level 6.0 Polearms
 - Level 6.0 Ranged Weapons
 - Level 6.0 Armour
 - Level 6.0 Dodging
 - Level 2.0 Stealth
 - Level 8.0 Spellcasting
 + Level 10.6 Transmutations
 - Level 10.0 Fire Magic
 + Level 10.6 Poison Magic
 - Level 1.0 Invocations


You had 8 spell levels left.
You knew the following spells:

 Your Spells              Type           Power      Damage    Failure   Level
a - Sting                 Tmut/Pois      100%       1d8       1%          1
b - Wereblood             Tmut           45%        N/A       1%          2
c - Foxfire               Conj/Fire      100%       2x1d9     1%          1
d - Ignite Poison         Fire/Tmut/Pois 44%        N/A       1%          3
e - Blink                 Tloc           14%        N/A       63%         2
f - Conjure Flame         Conj/Fire      25%        6-21      5%          3
g - Olgreb's Toxic Radia  Pois           45%        N/A       1%          4
h - Poisonous Vapours     Pois/Air       52%        N/A       2%          2
i - Mephitic Cloud        Conj/Pois/Air  19%        N/A       11%         3

Your spell library contained the following spells:

 Spells                   Type           Power      Damage    Failure   Level
 Fulminant Prism          Conj/Hex       3%         3d6       75%         4
 Inner Flame              Hex/Fire       25%        N/A       5%          3
 Flame Wave               Conj/Fire      25%        2d8       17%         4
 Sticky Flame             Conj/Fire      25%        2d5       17%         4
 Fireball                 Conj/Fire      12%        3d7       41%         5
 Summon Small Mammal      Summ           28%        N/A       47%         1
 Gell's Gravitas          Tloc           7%         N/A       85%         3
 Lesser Beckoning         Tloc           7%         N/A       85%         3
 Teleport Other           Tloc           7%         N/A       85%         3
 Starburst                Conj/Fire      12%        6d5       92%         6
 Manifold Assault         Tloc           7%         N/A       100%        5
 Storm Form               Tmut/Air       13%        N/A       100%        7
 Ignition                 Fire           21%        3d8       100%        8


Dungeon Overview and Level Annotations

Branches:
Dungeon (12/15)            Temple (1/1) D:6            Lair (5/5) D:11
 Shoals (0/4) Lair:2        Snake (0/4) Lair:2          Orc (0/2) D:11
  Slime: Lair:4-5

Altars:
Ashenzari
Cheibriados
Dithmenos
Elyvilon
Fedhas
Gozag
Hepliaklqana
Kikubaaqudgha
Makhleb
Nemelex Xobeh
Okawaru
Qazlal
Ru
Sif Muna
Trog
Uskayaw
Vehumet
Wu Jian
Xom
Yredelemnul
Zin
The Shining One

Shops:
D:5 (   D:6 [   D:7 (


Message History

The basilisk is poisoned.
Your toxic aura wanes.
The death yak gores you! The death yak gores you!! The manticore bites you!
* * * LOW HITPOINT WARNING * * *
The manticore claws you but does no damage. x2
The torpor snail misses you.
Casting: Ignite Poison (safe; 1% risk of failure)
Confirm with . or Enter, or press ? or * to list all spells.
You ignite the poison in your surroundings!
The torpor snail seems to burn from within!!
You kill the torpor snail!
Vehumet accepts your kill.
You feel your power returning.
The death yak seems to burn from within!!
The death yak is heavily wounded.
The manticore seems to burn from within!
The manticore is almost dead.
The death yak seems to burn from within!!
The death yak is severely wounded.
The basilisk seems to burn from within!!
The basilisk is almost dead.
The polar bear seems to burn from within!!
The polar bear is almost dead.
You feel yourself speed up.
The death yak gores you but does no damage.
The death yak completely misses you.
The manticore bites you but does no damage.
The manticore claws you but does no damage. x2
The death yak barely misses you.
The polar bear goes berserk!
The manticore bites you!
* * * LOW HITPOINT WARNING * * *
The manticore misses you. The manticore claws you.
* * * LOW HITPOINT WARNING * * *
The death yak gores you.
* * * LOW HITPOINT WARNING * * *
Your box of beasts has recharged.
Okay, then.
Unknown command.
The death yak gores you!
You die...

..........~~.~
#..........#. ~
..........~~#~~
....†.....~~~~~
.......†...~~
......††.†.##~~
......††Hh.P~~~
.....l.@††.~~~~
......Y†Y..~..~
...........##~~
.........†.#
...........~~
...........~~~
..........~#~~~
.##.......~#~.~


You could see 2 death yaks, a manticore, a polar bear (berserk) and a basilisk.

Vanquished Creatures
  Gastronok (Lair:2)
  3 hydras
  4 boulder beetles
  2 centaur warriors (D:12)
  An ogre mage (D:12)
  A two-headed ogre (D:10)
  A tengu warrior (D:12)
  Sonja (D:11)
  2 oklob plants (D:11)
  A deep elf pyromancer (D:9)
  2 ugly things (D:12)
  A cyclops (D:12)
  2 manticores
  3 elephants (Lair:2)
  Maurice (D:10)
  A black mamba (Lair:1)
  A torpor snail (Lair:5)
  A gargoyle (D:11)
  3 cane toads
  Maggie (D:9)
  9 komodo dragons
  3 rime drakes
  A freezing wraith (D:9)
  A tengu conjurer (D:12)
  4 trolls
  A meliai (shapeshifter) (D:12)
  A polar bear (Lair:3)
  12 blink frogs
  A shadow (D:9)
  A wyvern (Lair:5)
  3 vampires
  23 yaks
  2 wraiths
  Grum (D:10)
  4 basilisks
  7 vampire mosquitoes
  2 acid dragons
  5 nagas (Lair:2)
  4 water moccasins
  4 orc warriors
  3 black bears
  A boggart (D:12)
  8 wolves
  A phantom (D:4)
  12 centaurs
  5 kobold brigands
  6 bullfrogs
  A gnoll sergeant (D:9)
  7 scorpions
  7 wights
  13 killer bees
  2 howler monkeys (D:9)
  A jelly (D:6)
  6 hounds
  4 orc priests
  A gnoll bouda (D:5)
  6 iguanas
  Terence (D:3)
  8 orc wizards
  6 hell rats (Lair:5)
  Robin (D:2)
  13 gnolls
  11 adders
  An ufetubus (D:5)
  3 worms
  3 dart slugs
  49 orcs
  7 ball pythons
  7 endoplasms
  5 giant cockroaches
  7 hobgoblins
  11 jackals
  22 kobolds
  5 quokkas
  8 bats
  5 frilled lizards
  10 goblins
  3 rats (D:2)
392 creatures vanquished.

Vanquished Creatures (collateral kills)
  A vampire mosquito (D:12)
  A goblin (D:2)
2 creatures vanquished.

Vanquished Creatures (others)
  74 foxfires
  23 fungi
  8 plants
105 creatures vanquished.

Grand Total: 499 creatures vanquished

Notes
Turn   | Place    | Note
-------+----------+-------------------------------------------
     0 | D:1      | Gabide the Human Wanderer began the quest for the Orb.
     0 | D:1      | Gabide set off with the following items: a +0 dagger, a
                  | potion of attraction, a +0 robe, a +0 pair of gloves; and
                  | the following spells available to memorise: Foxfire, Sting,
                  | Wereblood, Ignite Poison.
     0 | D:1      | Reached XP level 1. HP: 13/13 MP: 2/2
     2 | D:1      | Learned a level 1 spell: Sting
   648 | D:1      | Reached XP level 2. HP: 18/19 MP: 0/4
   660 | D:1      | Reached skill level 1 in Poison Magic
  1555 | D:2      | Reached XP level 3. HP: 24/24 MP: 2/5
  2219 | D:2      | Reached skill level 1 in Fighting
  2247 | D:2      | Noticed Robin
  2261 | D:2      | Reached XP level 4. HP: 19/32 MP: 0/7
  2383 | D:2      | Killed Robin
  2553 | D:2      | Learned a level 2 spell: Wereblood
  2555 | D:2      | Learned a level 1 spell: Foxfire
  3269 | D:2      | Found a faded altar of an unknown god.
  3853 | D:3      | Noticed a +0 dagger
  3854 | D:3      | Found a hide-covered altar of Uskayaw.
  3854 | D:3      | Noticed a +0 dagger
  3862 | D:3      | Reached XP level 5. HP: 38/38 MP: 5/8
  4061 | D:3      | Noticed Terence
  4071 | D:3      | Killed Terence
  4072 | D:3      | Reached skill level 1 in Stealth
  4143 | D:3      | Learned a level 3 spell: Ignite Poison
  4482 | D:4      | Noticed a black bear
  4499 | D:4      | Killed a black bear
  4500 | D:4      | Reached XP level 6. HP: 25/44 MP: 1/10
  4645 | D:4      | Found a hazy altar of Hepliaklqana.
  4663 | D:4      | Reached skill level 1 in Ranged Weapons
  4894 | D:4      | You fall into a shaft and drop 3 floors!
  5032 | D:6      | Found an iron altar of Okawaru.
  5052 | D:5      | Entered Level 5 of the Dungeon
  5198 | D:5      | Found a basalt altar of Yredelemnul.
  5260 | D:5      | Reached XP level 7. HP: 8/50 MP: 3/11
  5815 | D:5      | Noticed a water moccasin
  5825 | D:5      | Killed a water moccasin
  6080 | D:5      | Found Urink's Weapon Shop.
  6086 | D:5      | Reached XP level 8. HP: 57/57 MP: 8/14
  6284 | D:5      | Found a blossoming altar of Fedhas.
  7031 | D:4      | Found a shadowy altar of Dithmenos.
  7324 | D:4      | Found an opulent altar of Gozag.
  7367 | D:4      | Found a white marble altar of Elyvilon.
  7368 | D:4      | Found a glowing silver altar of Zin.
  7444 | D:4      | Found a stormy altar of Qazlal.
  7444 | D:4      | Found a sacrificial altar of Ru.
  7589 | D:4      | Found a shimmering altar of Xom.
  7590 | D:4      | Found a bloodstained altar of Trog.
  7591 | D:4      | Found a burning altar of Makhleb.
  7678 | D:5      | Reached skill level 1 in Armour
  7688 | D:5      | Learned a level 2 spell: Blink
  7851 | D:6      | Found an ancient bone altar of Kikubaaqudgha.
  7852 | D:6      | Found a sparkling altar of Nemelex Xobeh.
  8070 | D:6      | Found a staircase to the Ecumenical Temple.
  8139 | Temple   | Entered the Ecumenical Temple
  8197 | D:6      | Found Salecoor's Antique Armour Boutique.
  8201 | D:6      | Bought a runed leather armour for 135 gold pieces
  8415 | D:6      | Found a shimmering blue altar of Sif Muna.
  8417 | D:6      | Found a radiant altar of Vehumet.
  8422 | D:6      | Got Sif Muna's Incunabulum of the Throng
  8430 | D:6      | Became a worshipper of Vehumet
  8975 | D:7      | Reached XP level 9. HP: 65/65 MP: 12/15
  9247 | D:7      | Found Ecsotz's Weapon Shoppe.
  9484 | D:7      | Found a broken altar of Ashenzari.
  9538 | D:8      | Learned a level 3 spell: Conjure Flame
  9951 | D:8      | Reached * piety under Vehumet
  9951 | D:8      | Offered knowledge of Magic Dart by Vehumet.
 10338 | D:8      | Reached skill level 5 in Transmutations
 10338 | D:8      | Reached skill level 5 in Poison Magic
 10360 | D:8      | Reached skill level 5 in Dodging
 10390 | D:8      | Reached skill level 5 in Spellcasting
 10995 | D:8      | Learned a level 4 spell: Olgreb's Toxic Radiance
 10998 | D:8      | Learned a level 2 spell: Poisonous Vapours
 11098 | D:8      | Noticed a boulder beetle
 11259 | D:8      | Reached ** piety under Vehumet
 11259 | D:8      | Offered knowledge of Scorch by Vehumet.
 11578 | D:8      | Reached XP level 10. HP: 49/71 MP: 16/18
 11777 | D:8      | Found the +7 Singing Sword {vorpal, sonic wave}
 12063 | D:9      | Reached skill level 1 in Polearms
 12502 | D:9      | Noticed a boulder beetle
 12502 | D:9      | HP: 1/71 [something (6)]
 12887 | D:9      | Killed a boulder beetle
 12888 | D:9      | Reached skill level 5 in Polearms
 13306 | D:9      | Noticed a deep elf pyromancer
 13327 | D:9      | Killed a deep elf pyromancer
 13327 | D:9      | Offered knowledge of Stone Arrow by Vehumet.
 13468 | D:9      | Noticed a manticore
 13489 | D:9      | Noticed a freezing wraith
 13499 | D:9      | Killed a freezing wraith
 13500 | D:9      | Reached XP level 11. HP: 76/77 MP: 10/20
 13500 | D:9      | Killed a manticore
 13501 | D:9      | Reached skill level 5 in Fire Magic
 13559 | D:9      | Identified the +6 scale mail of the Boiling Point {rF+
                  | Regen+}
 13901 | D:9      | Noticed Maggie
 13932 | D:9      | Killed Maggie
 14112 | D:9      | Reached skill level 5 in Fighting
 14112 | D:9      | Reached skill level 5 in Armour
 14235 | D:10     | Entered Level 10 of the Dungeon
 14242 | D:10     | Noticed Grum
 14247 | D:10     | Killed Grum
 14247 | D:10     | Reached *** piety under Vehumet
 14643 | D:10     | Offered knowledge of Airstrike by Vehumet.
 14948 | D:10     | Found an ornate altar of the Wu Jian Council.
 15162 | D:10     | Noticed a two-headed ogre
 15175 | D:10     | Killed a two-headed ogre
 15398 | D:10     | Found a snail-covered altar of Cheibriados.
 15544 | D:11     | Noticed an oklob plant
 15548 | D:11     | Found a staircase to the Lair.
 15548 | D:11     | Noticed an oklob plant
 15701 | D:11     | Killed an oklob plant
 15723 | D:11     | Found a staircase to the Orcish Mines.
 15738 | D:11     | Killed an oklob plant
 15739 | D:11     | Reached XP level 12. HP: 88/88 MP: 18/21
 15786 | D:11     | Noticed Sonja
 15789 | D:11     | Killed Sonja
 15789 | D:11     | Noticed Maurice
 15816 | D:10     | Killed Maurice
 16040 | D:11     | Noticed a boulder beetle
 16047 | D:11     | Killed a boulder beetle
 16417 | D:11     | Noticed a boulder beetle
 16433 | D:11     | Killed a boulder beetle
 16685 | D:11     | Reached **** piety under Vehumet
 16836 | D:12     | Noticed a boulder beetle
 16847 | D:12     | Killed a boulder beetle
 17846 | D:12     | Noticed a six-headed hydra
 17846 | D:12     | Noticed a tengu warrior
 17846 | D:12     | Noticed a centaur warrior
 17846 | D:12     | Noticed a centaur warrior
 17846 | D:12     | Noticed a six-headed hydra
 17847 | D:12     | Noticed an ogre mage
 17848 | D:12     | Noticed a skeletal warrior
 17849 | D:12     | Killed a tengu warrior
 17849 | D:12     | Offered knowledge of Mephitic Cloud by Vehumet.
 17850 | D:12     | Reached XP level 13. HP: 93/93 MP: 19/24
 17853 | D:12     | Killed a centaur warrior
 17853 | D:12     | Killed an ogre mage
 17856 | D:12     | Killed a six-headed hydra
 17856 | D:12     | Killed a centaur warrior
 17857 | D:12     | Reached skill level 10 in Transmutations
 17857 | D:12     | Reached skill level 10 in Poison Magic
 18497 | Lair:1   | Entered Level 1 of the Lair of Beasts
 19640 | Lair:2   | Found a staircase to the Snake Pit.
 19828 | Lair:2   | Found a broken altar of Ashenzari.
 19830 | Lair:2   | Noticed Gastronok
 19841 | Lair:2   | Killed Gastronok
 20079 | Lair:2   | Identified the +9 sling of Zufosion {vorpal, rPois rCorr
                  | Dex-4}
 20213 | Lair:2   | Found a staircase to the Shoals.
 20414 | Lair:2   | Reached skill level 10 in Fire Magic
 21451 | Lair:3   | Noticed a six-headed hydra
 21467 | Lair:3   | Killed a six-headed hydra
 21468 | Lair:3   | Reached skill level 5 in Ranged Weapons
 21814 | Lair:4   | Reached XP level 14. HP: 100/100 MP: 21/26
 21820 | Lair:3   | Learned a level 3 spell: Mephitic Cloud
 21826 | Lair:4   | Reached ***** piety under Vehumet
 22274 | Lair:5   | Entered Level 5 of the Lair of Beasts
 22277 | Lair:5   | Offered knowledge of Fulminant Prism by Vehumet.
 22316 | Lair:5   | Slain by a death yak

Illustrated notes

Levels and vault maps discovered:
D:1:      matt_arrival_refuge, layout_basic
D:2:      layout_basic, dreamdust_ecumenical_altar_grove, uniq_robin
D:3:      layout_loops_ring, dancing_weapons_uskayaw,
          kennysheep_decorative_pillar, wander_ebering_terrifying_dragon_lair,
          uniq_terence
D:4:      layout_loops_ring, kennysheep_mini, mainiacjoe_overflow_24_doors,
          mainiacjoe_overflow_concentric_impassable,
          gammafunk_temple_overflow_wave, nicolae_overflow_hidden_temple,
          minivault_14, grunt_decor_resistance
D:5:      layout_basic, mainiacjoe_overflow_boulevard, general_overflow_altar,
          serial_shops, shop, roderic_serpentine_path, nicolae_fountain_basement
D:6:      layout_layer_cave, grunt_temple_overflow_magic_moments,
          okawaru_gym_becter, nemelex_xobeh_ov_fountains_minmay, temple_pool_b,
          serial_shops, nicolae_shop_hallway_stairs
D:7:      layout_cave_pools, lemuel_coloured_pillars_altar, serial_shops, shop,
          minivault_26
D:8:      old_forge, layout_gridville, special_room [special_room_orc],
          minivault_10, onia_ninara_dug_in_and_dangerous
D:9:      layout_small_grid, minmay_the_grid_2x2 [minmay_the_grid_holed_spiral,
          minmay_the_grid_outer_diamond, minmay_the_grid_large_cup,
          minmay_the_grid_prize_diamond_cup], uniq_maggie
D:10:     layout_irregular_city, mainiacjoe_overflow_alcove_1,
          cheibrodos_worm_habitat, kennysheep_generic_room_6, uniq_grum
D:11:     layout_small_grid, dpeg_oklobed_lair, orc_0_dummy, st_stairs_6,
          uniq_sonja, uniq_maurice
D:12:     layout_irregular_city, minivault_28
Temple:   ebering_the_one_and_only
Lair:1:   layout_regular_city, lemuel_fruit_tree, infiniplex_staircase_pool,
          grunt_megastairs_2, lemuel_fruit_fields
Lair:2:   layout_cave_pods, minmay_shoals_entry_centaurs,
          minmay_snake_entry_guardpost_medium, basic_altar,
          serial_bayou_shore_a, serial_bayou_shore_b, uniq_gastronok
Lair:3:   layout_big_grid
Lair:4:   layout_hall_layers
Lair:5:   gammafunk_lair_ancient_temple, layout_cave_pods,
          dpeg_slime_entry_enclosed, eino_house_with_fridge

Skill      XL: |  1  2  3  4  5  6  7  8  9 10 11 12 13 |
---------------+----------------------------------------+-----
Poison Magic   | 1 2 3 4 5 6 7 9 10 | 10.6
Spellcasting   | 2 3 4 5 6 7 8 |  8.0
Fighting       | 1 2 4 6 |  6.0
Stealth        | 2 |  2.0
Transmutations | 3 4 5 6 7 9 10 | 10.6
Ranged Weapons | 2 4 6 |  6.0
Armour         | 2 4 6 |  6.0
Dodging        | 5 6 |  6.0
Polearms       | 6 |  6.0
Fire Magic     | 4 6 10 | 10.0
Invocations    | |  1.0

Action                   |  1- 3 |  4- 6 |  7- 9 | 10-12 | 13-15 || total
-------------------------+-------+-------+-------+-------+-------++-------
Melee: Dagger            |    56 |    23 |       |       |       ||    79
       Demon trident     |       |       |       |   239 |   128 ||   367
       Punch             |       |       |       |     1 |     5 ||     6
 Fire: Sling             |       |    66 |   226 |    61 |    20 ||   373
Throw: Boomerang         |       |       |       |     1 |       ||     1
 Cast: Sting             |    66 |    67 |    55 |     3 |     3 ||   194
       Foxfire           |       |     8 |    23 |    13 |     2 ||    46
       Wereblood         |       |     3 |     8 |     3 |       ||    14
       Ignite Poison     |       |     5 |    20 |    54 |    41 ||   120
       Conjure Flame     |       |       |     5 |    23 |    11 ||    39
       Olgreb's Toxic Ra |       |       |     3 |    61 |    35 ||    99
       Blink             |       |       |     1 |     1 |     1 ||     3
       Poisonous Vapours |       |       |       |    24 |    24 ||    48
       Mephitic Cloud    |       |       |       |       |     5 ||     5
Evoke: Wand              |       |       |    14 |    19 |       ||    33
       Box of beasts     |       |       |       |     1 |       ||     1
  Use: Scroll            |     1 |     7 |     9 |    14 |     4 ||    35
       Potion            |       |       |     1 |     5 |     1 ||     7
 Stab: Invisible         |       |       |       |     3 |       ||     3
Armor: Robe              |    20 |    29 |     7 |       |       ||    56
       Leather armour    |       |       |    39 |    20 |       ||    59
       Scale mail        |       |       |       |   162 |   141 ||   303
       Swamp dragon scal |       |       |       |     4 |       ||     4
Dodge: Dodged            |    95 |    73 |   160 |   176 |   115 ||   619
